 Dungeon Crawl Stone Soup version 0.30.1-11-g7821555f0a (webtiles) character file.

Game seed: 7180148687998512143

1679 Ekaitz the Zephyrmancer (level 9, -3/52 HPs)
             Began as a Tengu Air Elementalist on Dec 22, 2023.
             Was a Follower of Vehumet.
             Slain by a gargoyle
             ... wielding a +0 flail
              (23 damage)
             ... on level 6 of the Dungeon on Dec 23, 2023.
             The game lasted 00:12:39 (6487 turns).

Ekaitz the Zephyrmancer (Tengu Air Elementalist)    Turns: 6487, Time: 00:12:40

Health: -3/52      AC:  3    Str:  9    XL:     9   Next: 2%
Magic:  2/17       EV: 16    Int: 19    God:    Vehumet [*.....]
Gold:   159        SH:  0    Dex: 15    Spells: 3/17 levels left

rFire   . . .        i - +0 dagger
rCold   . . .        (no shield)
rNeg    . . .        a - +0 robe
rPois   .            (helmet restricted)
rElec   .            (no cloak)
rCorr   .            m - +0 pair of gloves
SInv    .            (boots unavailable)
Will    .....        (no amulet)
Stlth   ++           (no ring)
HPRegen 0.28/turn    (no ring)
MPRegen 0.15/turn

%: no passive effects
@: flying quickly and evasively, quick
A: beak, talons 3, nimble flight
a: Renounce Religion


You were on level 6 of the Dungeon.
You worshipped Vehumet.
Vehumet was aware of your devotion.
You visited 2 branches of the dungeon, and saw 7 of its levels.

You collected 279 gold pieces.
You spent 120 gold pieces at shops.

Inventory:

Hand Weapons
 i - a +0 dagger (weapon)
 v - the +9 sling of Theory {flame, rElec}
   (You found it on level 5 of the Dungeon)

   rElec:     It insulates you from electricity.
Missiles
 o - a throwing net
 r - 3 atropa-tipped darts
 u - 7 poisoned darts
Armour
 a - a +0 robe (worn)
 m - a +0 pair of gloves (worn)
 y - a +3 ring mail
Wands
 w - a wand of charming (9)
 x - a wand of flame (26)
Scrolls
 d - 10 scrolls of identify
 f - 2 scrolls of magic mapping {unknown}
 g - 2 scrolls of fog {unknown}
 j - a scroll of butterflies {unknown}
 l - a scroll of fear {unknown}
 n - 2 scrolls of vulnerability {unknown}
 p - 2 scrolls of teleportation
 q - 2 scrolls of poison
 t - 2 scrolls of torment {unknown}
Potions
 b - a potion of magic
 c - 4 potions of curing {unknown}
 e - a potion of mutation {unknown}
 h - a potion of heal wounds {unknown}
 k - a potion of berserk rage {unknown}
 s - a potion of ambrosia {unknown}


   Skills:
 * Level 3.7 Fighting
 + Level 0.3 Short Blades
 + Level 1.1 Ranged Weapons
 * Level 4.4 Dodging
 + Level 3.1 Stealth
 + Level 4.7 Spellcasting
 * Level 6.9 Conjurations
 * Level 1.5 Fire Magic
 * Level 8.6 Air Magic


You had 3 spell levels left.
You knew the following spells:

 Your Spells              Type           Power      Damage    Failure   Level
a - Shock                 Conj/Air       100%       1d9       1%          1
b - Static Discharge      Conj/Air       68%        2-5/arc   1%          2
c - Swiftness             Air            37%        N/A       1%          3
d - Airstrike             Air            18%        2d(3-19)  3%          4
e - Sticky Flame          Conj/Fire      20%        2d4       22%         4

Your spell library contained the following spells:

 Spells                   Type           Power      Damage    Failure   Level
 Freeze                   Ice            16%        1d4       13%         1
 Slow                     Hex            16%        N/A       13%         1
 Ignite Poison            Fire/Tmut/Pois 6%         N/A       30%         3
 Confusing Touch          Hex            4%         N/A       36%         3
 Vampiric Draining        Necr           4%         2d6       36%         3
 Ignition                 Fire           5%         3d4       100%        8


Dungeon Overview and Level Annotations

Branches:
Dungeon (6/15)             Temple (1/1) D:4

Altars:
Cheibriados
Dithmenos
Elyvilon
Fedhas
Gozag
Hepliaklqana
Kikubaaqudgha
Makhleb
Nemelex Xobeh
Okawaru
Qazlal
Ru
Trog
Uskayaw
Vehumet
Xom
Yredelemnul
Zin
The Shining One

Shops:
D:4 ?(


Innate Abilities, Weirdness & Mutations

You have a beak for a mouth.
You have claws for feet.
Your magical nature lets you fly swiftly and evasively.


Message History

Unknown command.
Casting: Airstrike (dangerous; 3% risk of failure)
Confirm with . or Enter, or press ? or * to list all spells.
Aiming: Airstrike (dangerous; 3% risk of failure)
Press: ? - help, Dir - move target, f/p - gargoyle
Aim: a gargoyle, wielding a +0 flail (moderately damaged, empty space bonus: 5/8)
The air twists around and strikes the gargoyle but does no damage.
Unknown command.
Casting: Airstrike (dangerous; 3% risk of failure)
Confirm with . or Enter, or press ? or * to list all spells.
Aiming: Airstrike (dangerous; 3% risk of failure)
Press: ? - help, Dir - move target, f/p - gargoyle
Aim: a gargoyle, wielding a +0 flail (moderately damaged, empty space bonus: 6/8)
The air twists around and strikes the gargoyle.
The gargoyle is moderately damaged.
The gargoyle hurls a stone arrow at you.
The stone arrow misses you.
Casting: Airstrike (dangerous; 3% risk of failure)
Confirm with . or Enter, or press ? or * to list all spells.
Aiming: Airstrike (dangerous; 3% risk of failure)
Press: ? - help, Dir - move target, f/p - gargoyle
Aim: a gargoyle, wielding a +0 flail (moderately damaged, empty space bonus: 6/8)
The air twists around and strikes the gargoyle!
The gargoyle is almost destroyed.
Unknown command.
You barely miss the gargoyle. Your kick misses the gargoyle.
Your peck misses the gargoyle.
The gargoyle is almost destroyed.
The gargoyle hurls a stone arrow at you.
The stone arrow hits you!!
Ouch! That really hurt!
You hit the gargoyle but do no damage.
You claw the gargoyle, but do no damage.
The gargoyle is almost destroyed.
The gargoyle hits you with a +0 flail.
You barely miss the gargoyle.
You peck the gargoyle, but do no damage.
The gargoyle is almost destroyed.
The gargoyle hits you with a +0 flail!!
You die...

#..## #.######+### #.
#..# #[# #. #..##
#......Y. #. #...#
########. #.
#.#...o.## #. #.
..###9#. ######. #.
.... #..###### #....#.
## #.###
#.......######.#.##.#.
..
#...9@.........#.##.#.
.##
#...#####...####.#....
.. #.. ###......#..##
#. ##.....#..# #
#........# ##....#..##
####.#..). #.#..##
#.#..##


You could see a gargoyle.

Vanquished Creatures
  A two-headed ogre (D:5)
  An orc warrior (D:6)
  An ice beast (D:6)
  2 ogres
  2 phantoms
  A bullfrog (D:6)
  A scorpion (D:5)
  2 jellies
  2 hounds
  Natasha (twice) (D:3)
  2 iguanas
  A sleepcap (D:6)
  2 orc wizards (D:6)
  6 adders
  3 gnolls (D:5)
  4 white imps
  An ufetubus (D:6)
  A dart slug (D:1)
  9 orcs
  9 bats
  5 endoplasms
  2 giant cockroaches (D:1)
  6 hobgoblins
  3 jackals (D:5)
  2 kobolds
  6 quokkas
  3 training dummies (D:4)
  7 ball pythons
  2 frilled lizards (D:1)
  7 goblins
  4 rats
100 creatures vanquished.

Notes
Turn   | Place    | Note
-------+----------+-------------------------------------------
     0 | D:1      | Ekaitz the Tengu Air Elementalist began the quest for the
                  | Orb.
     0 | D:1      | Reached XP level 1. HP: 10/10 MP: 4/4
   204 | D:1      | Reached XP level 2. HP: 15/15 MP: 3/6
   207 | D:1      | Learned a level 2 spell: Static Discharge
   835 | D:1      | Reached XP level 3. HP: 19/19 MP: 4/7
   839 | D:1      | Learned a level 3 spell: Swiftness
   845 | D:1      | Found a faded altar of an unknown god.
  1855 | D:2      | Reached skill level 1 in Fighting
  1855 | D:2      | Reached XP level 4. HP: 20/25 MP: 3/8
  2430 | D:3      | Found a shimmering altar of Xom.
  2530 | D:3      | Noticed Natasha
  2539 | D:3      | Killed Natasha
  2540 | D:3      | Reached skill level 5 in Air Magic
  2540 | D:3      | Gained mutation: Your magical nature lets you fly swiftly
                  | and evasively. [Tengu growth]
  2540 | D:3      | Reached XP level 5. HP: 19/29 MP: 5/10
  2754 | D:3      | Noticed Natasha
  2764 | D:3      | Killed Natasha
  3068 | D:4      | Noticed a phantom
  3342 | D:4      | Found Arip's Firing Range.
  3414 | D:4      | Found Zoeneetami's Magic Scroll Shoppe.
  3418 | D:4      | Bought a scroll of identify for 24 gold pieces
  3418 | D:4      | Bought a scroll of noise for 12 gold pieces
  3418 | D:4      | Bought a scroll of teleportation for 36 gold pieces
  3418 | D:4      | Bought a scroll of poison for 48 gold pieces
  3667 | D:4      | Killed a phantom
  3668 | D:4      | Reached XP level 6. HP: 35/35 MP: 4/11
  3673 | D:4      | Learned a level 4 spell: Airstrike
  3758 | D:4      | Found a staircase to the Ecumenical Temple.
  3765 | Temple   | Entered the Ecumenical Temple
  3871 | Temple   | Became a worshipper of Vehumet
  3964 | D:4      | Found a bloodstained altar of Trog.
  3965 | D:4      | Found a stormy altar of Qazlal.
  3965 | D:4      | Found a white marble altar of Elyvilon.
  3966 | D:4      | Found a blossoming altar of Fedhas.
  4027 | D:5      | Entered Level 5 of the Dungeon
  4220 | D:5      | Reached skill level 6 in Air Magic
  4325 | D:5      | Reached XP level 7. HP: 40/40 MP: 5/13
  4564 | D:5      | Identified the +9 sling of Theory {flame, rElec}
  4690 | D:5      | Reached skill level 5 in Conjurations
  4907 | D:5      | Noticed a two-headed ogre
  4912 | D:5      | Killed a two-headed ogre
  4913 | D:5      | Reached skill level 7 in Air Magic
  4913 | D:5      | Reached XP level 8. HP: 46/46 MP: 0/15
  5486 | D:6      | Noticed a yak
  5600 | D:6      | Noticed a gargoyle
  5624 | D:6      | Reached skill level 1 in Fire Magic
  5852 | D:6      | Reached skill level 1 in Ranged Weapons
  5857 | D:6      | Reached skill level 8 in Air Magic
  6202 | D:6      | Reached * piety under Vehumet
  6202 | D:6      | Offered knowledge of Freeze by Vehumet.
  6419 | D:6      | Reached XP level 9. HP: 39/52 MP: 8/17
  6424 | D:6      | Learned a level 4 spell: Sticky Flame
  6487 | D:6      | Slain by a gargoyle

Illustrated notes

Levels and vault maps discovered:
D:1:      grunt_arrival_lava_bath, layout_basic,
          dreamdust_ecumenical_altar_angels_and_demons, serial_curves,
          eino_curves_01, eino_curves_03, eino_curves_02
D:2:      layout_basic
D:3:      layout_basic, old_standard_altar, uniq_natasha
D:4:      layout_basic, chequers_temple_overflow_statue_of_worship,
          minmay_temple_entry_nine_rooms, serial_shops, shop,
          nicolae_shop_firing_range
D:5:      layout_basic
D:6:      layout_basic, minmay_manual_maat
Temple:   nicolae_temple_superstar

Skill      XL: |  1  2  3  4  5  6  7  8 |
---------------+-------------------------+-----
Conjurations   | 2 3 4 6 |  6.9
Fighting       | 1 2 3 |  3.7
Air Magic      | 5 6 7 8 |  8.6
Spellcasting   | 3 4 |  4.7
Dodging        | 3 4 |  4.4
Stealth        | 3 |  3.1
Fire Magic     | 1 |  1.5
Ranged Weapons | 1 |  1.1
Short Blades   | |  0.3

Action                     |  1- 3 |  4- 6 |  7- 9 || total
---------------------------+-------+-------+-------++-------
  Melee: Dagger            |       |     6 |    11 ||    17
         Peck              |       |     2 |     3 ||     5
         Kick              |       |       |     5 ||     5
   Fire: Sling             |       |       |     6 ||     6
   Cast: Shock             |    73 |    68 |    40 ||   181
         Static Discharge  |     1 |     8 |     8 ||    17
         Airstrike         |       |       |    20 ||    20
   Stab: Sleeping          |       |     2 |     1 ||     3
 Armour: Robe              |     5 |     2 |     1 ||     8
  Dodge: Dodged            |     5 |    13 |    10 ||    28
